[ AOE2 MATCH · #471105108 ]
UnrankedTatars vs Britons
[ REPLAY ANALYSIS · EXTRACTED FROM THE RECORDED GAME ]
Feudal
10:31
Castle
14:17
Imperial
27:52
| APM avg | 56.6 |
| APM peak | 117 |
| eAPM avg | 36.8 |
| Villagers / military | 171 / 106 |
Focus
⚔️ 28.8% · 🌾 71.2%
Cavalry Archer ×90 · Battering Ram ×11 · Trebuchet (Packed) ×4 · Monk ×1
Feudal
11:22
Castle
14:58
Imperial
31:16
| APM avg | 42.6 |
| APM peak | 97 |
| eAPM avg | 29.4 |
| Villagers / military | 132 / 86 |
Focus
⚔️ 43.0% · 🌾 57.0%
Longbowman ×45 · Archer ×39 · Trebuchet (Packed) ×2
Feudal
9:42
Castle
13:41
Imperial
28:39
| APM avg | 36.7 |
| APM peak | 94 |
| eAPM avg | 24.7 |
| Villagers / military | 181 / 132 |
Focus
⚔️ 33.7% · 🌾 66.3%
Steppe Lancer ×123 · Trebuchet (Packed) ×6 · Monk ×3
Feudal
11:44
Castle
15:15
Imperial
29:37
| APM avg | 34.1 |
| APM peak | 64 |
| eAPM avg | 25.7 |
| Villagers / military | 166 / 49 |
Focus
⚔️ 36.8% · 🌾 63.2%
Fire Lancer ×24 · Chu Ko Nu ×21 · Monk ×4
Feudal
10:32
Castle
13:45
Imperial
27:23
| APM avg | 24.6 |
| APM peak | 61 |
| eAPM avg | 19.8 |
| Villagers / military | 154 / 126 |
Focus
⚔️ 25.0% · 🌾 75.0%
Battle Elephant ×92 · Scout Cavalry ×34
Feudal
10:11
Castle
13:49
Imperial
28:06
| APM avg | 37.4 |
| APM peak | 79 |
| eAPM avg | 24.9 |
| Villagers / military | 159 / 110 |
Focus
⚔️ 39.6% · 🌾 60.4%
Spearman ×68 · Monk ×37 · Battering Ram ×3 · Trebuchet (Packed) ×2
Feudal
10:59
Castle
14:54
Imperial
—
| APM avg | 28.7 |
| APM peak | 56 |
| eAPM avg | 15.2 |
| Villagers / military | 81 / 73 |
Focus
⚔️ 50.1% · 🌾 49.9%
Conquistador ×71 · Petard ×2
Feudal
10:39
Castle
14:21
Imperial
27:52
| APM avg | 30.0 |
| APM peak | 63 |
| eAPM avg | 20.6 |
| Villagers / military | 162 / 92 |
Focus
⚔️ 27.1% · 🌾 72.9%
Battle Elephant ×91 · Scout Cavalry ×1
Match map
Initial resources + every placement click. Lines = walls · curves = elevation contours. ◆ gold · ⬟ stone · ● berries · ✦ relic · ◌ wall gap
Your base· ✓ Closed at 14:17 · 0t walls · 2 gate(s)
OIDA | Kloerb's base· ✓ Closed at 14:58 · 0t walls · 2 gate(s)
天崩地裂's base· ✓ Closed at 13:41 · 0t walls · 2 gate(s)
TrCL.ovoin's base· ✓ Closed at 15:15 · 2t walls · 4 gate(s)
关老弟是也's base· ✓ Closed at 13:45 · 0t walls · 2 gate(s)
Peter_Pahn's base· ✓ Closed at 13:49 · 0t walls · 2 gate(s)
让让萌新's base· ✓ Closed at 14:54 · 0t walls · 2 gate(s)
OIDA | onkyox's base· ✓ Closed at 14:21 · 0t walls · 2 gate(s)
Smoothed initial terrain · ◌ = detected wall gap · hover for details
Inputs per minute
— 虎蹲压制大脑喷气代替思考敌人不倒我倒 - - OIDA | Kloerb
Build order — 虎蹲压制大脑喷气代替思考敌人不倒我倒
First 150 of 455 actions detected
| 0:04 | Queue | Villager (Male) |
| 0:04 | Queue | Villager (Male) |
| 0:04 | Queue | Villager (Male) |
| 0:06 | Build | House |
| 0:07 | Build | House |
| 0:15 | Queue | Villager (Male) |
| 0:16 | Queue | Villager (Male) |
| 1:26 | Queue | Villager (Male) |
| 1:27 | Queue | Villager (Male) |
| 1:49 | Queue | Villager (Male) |
| 2:24 | Queue | Villager (Male) |
| 2:31 | Build | Lumber Camp |
| 2:53 | Queue | Villager (Male) |
| 3:05 | Queue | Villager (Male) |
| 3:05 | Queue | Villager (Male) |
| 3:26 | Queue | Villager (Male) |
| 3:30 | Build | House |
| 3:31 | Build | House |
| 3:37 | Queue | Villager (Male) |
| 3:37 | Queue | Villager (Male) |
| 4:02 | Queue | Villager (Male) |
| 4:02 | Queue | Villager (Male) |
| 4:17 | Build | House |
| 4:30 | Queue | Villager (Male) |
| 4:57 | Queue | Villager (Male) |
| 5:06 | Queue | Villager (Male) |
| 5:11 | Build | Mill |
| 5:31 | Queue | Villager (Male) |
| 5:52 | Queue | Villager (Male) |
| 6:22 | Build | Mill |
| 6:24 | Queue | Villager (Male) |
| 7:11 | Build | Farm |
| 7:18 | Queue | Villager (Male) |
| 7:36 | Build | Farm |
| 8:05 | Build | Farm |
| 8:21 | Research | Feudal Age |
| 8:21 | Research | Feudal Age |
| 9:00 | Queue | Villager (Male) |
| 9:00 | Queue | Villager (Male) |
| 9:59 | Queue | Villager (Male) |
| 10:31 | Age | Feudal Age |
| 10:33 | Build | Blacksmith |
| 10:36 | Build | Market |
| 10:43 | Build | Market |
| 11:37 | Research | Castle Age |
| 11:37 | Research | Castle Age |
| 12:03 | Research | Double-Bit Axe |
| 12:03 | Research | Double-Bit Axe |
| 12:54 | Research | Horse Collar |
| 12:54 | Research | Horse Collar |
| 14:04 | Build | Farm |
| 14:17 | Age | Castle Age |
| 14:18 | Queue | Villager (Male) |
| 14:21 | Build | Town Center |
| 14:24 | Build | Town Center |
| 14:37 | Queue | Villager (Male) |
| 14:41 | Research | Bow Saw |
| 14:41 | Research | Bow Saw |
| 15:13 | Queue | Villager (Male) |
| 15:14 | Queue | Villager (Male) |
| 15:16 | Build | Farm |
| 15:27 | Build | Farm |
| 15:33 | Build | Farm |
| 15:45 | Queue | Villager (Male) |
| 15:55 | Queue | Villager (Male) |
| 15:58 | Queue | Villager (Male) |
| 16:01 | Build | Farm |
| 16:08 | Queue | Villager (Male) |
| 16:22 | Build | Farm |
| 16:26 | Queue | Villager (Male) |
| 16:29 | Queue | Villager (Male) |
| 16:31 | Queue | Villager (Male) |
| 16:33 | Build | Farm |
| 16:37 | Queue | Villager (Male) |
| 16:37 | Queue | Villager (Male) |
| 16:37 | Queue | Villager (Male) |
| 16:37 | Queue | Villager (Male) |
| 17:09 | Queue | Villager (Male) |
| 17:10 | Queue | Villager (Male) |
| 17:10 | Queue | Villager (Male) |
| 17:11 | Queue | Villager (Male) |
| 17:15 | Build | House |
| 17:17 | Queue | Villager (Male) |
| 17:22 | Build | Farm |
| 17:23 | Queue | Villager (Male) |
| 17:23 | Queue | Villager (Male) |
| 17:35 | Queue | Villager (Male) |
| 17:35 | Queue | Villager (Male) |
| 17:39 | Build | House |
| 17:40 | Build | Farm |
| 17:41 | Queue | Villager (Male) |
| 17:42 | Queue | Villager (Male) |
| 17:46 | Research | Wheelbarrow |
| 17:47 | Research | Wheelbarrow |
| 17:47 | Queue | Villager (Male) |
| 17:54 | Queue | Villager (Male) |
| 17:54 | Queue | Villager (Male) |
| 18:01 | Queue | Villager (Male) |
| 18:01 | Queue | Villager (Male) |
| 18:07 | Build | House |
| 18:09 | Queue | Villager (Male) |
| 18:09 | Queue | Villager (Male) |
| 18:14 | Queue | Villager (Male) |
| 18:15 | Queue | Villager (Male) |
| 18:26 | Build | Town Center |
| 18:29 | Queue | Villager (Male) |
| 18:30 | Queue | Villager (Male) |
| 18:34 | Queue | Villager (Male) |
| 18:34 | Queue | Villager (Male) |
| 18:37 | Build | House |
| 18:38 | Queue | Villager (Male) |
| 18:38 | Queue | Villager (Male) |
| 18:40 | Build | Farm |
| 18:44 | Build | Farm |
| 18:53 | Build | Farm |
| 18:54 | Queue | Villager (Male) |
| 18:54 | Queue | Villager (Male) |
| 18:56 | Queue | Villager (Male) |
| 18:56 | Queue | Villager (Male) |
| 19:11 | Queue | Villager (Male) |
| 19:31 | Research | Heavy Plow |
| 19:31 | Research | Heavy Plow |
| 19:33 | Build | Farm |
| 19:40 | Queue | Villager (Male) |
| 19:48 | Queue | Villager (Male) |
| 19:52 | Build | Farm |
| 19:53 | Build | House |
| 19:54 | Build | House |
| 19:55 | Queue | Villager (Male) |
| 19:55 | Queue | Villager (Male) |
| 20:05 | Queue | Villager (Male) |
| 20:05 | Queue | Villager (Male) |
| 20:09 | Build | Monastery |
| 20:10 | Queue | Villager (Male) |
| 20:13 | Queue | Villager (Male) |
| 20:13 | Queue | Villager (Male) |
| 20:19 | Queue | Villager (Male) |
| 20:20 | Queue | Villager (Male) |
| 20:22 | Build | Farm |
| 20:24 | Queue | Villager (Male) |
| 20:28 | Queue | Villager (Male) |
| 20:31 | Build | Farm |
| 20:32 | Build | Farm |
| 20:34 | Queue | Villager (Male) |
| 20:34 | Queue | Villager (Male) |
| 20:48 | Queue | Villager (Male) |
| 20:49 | Queue | Villager (Male) |
| 20:49 | Queue | Villager (Male) |
| 20:50 | Build | House |
| 20:54 | Build | Farm |
Build order — OIDA | Kloerb
First 150 of 349 actions detected
| 0:01 | Queue | Villager (Male) |
| 0:02 | Queue | Villager (Male) |
| 0:02 | Queue | Villager (Male) |
| 0:03 | Build | House |
| 0:05 | Build | House |
| 0:31 | Queue | Villager (Male) |
| 0:31 | Queue | Villager (Male) |
| 1:20 | Queue | Villager (Male) |
| 1:20 | Queue | Villager (Male) |
| 1:45 | Queue | Villager (Male) |
| 1:47 | Build | Lumber Camp |
| 2:01 | Queue | Villager (Male) |
| 2:02 | Queue | Villager (Male) |
| 2:34 | Queue | Villager (Male) |
| 2:34 | Queue | Villager (Male) |
| 2:34 | Queue | Villager (Male) |
| 3:06 | Queue | Villager (Male) |
| 3:07 | Queue | Villager (Male) |
| 3:17 | Queue | Villager (Male) |
| 3:17 | Queue | Villager (Male) |
| 3:30 | Build | House |
| 3:31 | Build | House |
| 3:56 | Build | House |
| 4:27 | Queue | Villager (Male) |
| 4:27 | Queue | Villager (Male) |
| 4:27 | Queue | Villager (Male) |
| 4:30 | Build | Mill |
| 5:09 | Queue | Villager (Male) |
| 5:09 | Queue | Villager (Male) |
| 5:35 | Queue | Villager (Male) |
| 5:35 | Queue | Villager (Male) |
| 5:53 | Queue | Villager (Male) |
| 5:54 | Queue | Villager (Male) |
| 6:08 | Queue | Villager (Male) |
| 6:09 | Queue | Villager (Male) |
| 6:47 | Queue | Villager (Male) |
| 7:24 | Build | Farm |
| 7:28 | Build | Lumber Camp |
| 7:31 | Queue | Villager (Male) |
| 7:31 | Queue | Villager (Male) |
| 7:32 | Queue | Villager (Male) |
| 7:36 | Build | Farm |
| 7:55 | Build | Farm |
| 8:00 | Queue | Villager (Male) |
| 8:00 | Queue | Villager (Male) |
| 8:00 | Queue | Villager (Male) |
| 8:26 | Queue | Villager (Male) |
| 8:46 | Research | Feudal Age |
| 8:55 | Build | Mining Camp |
| 9:31 | Queue | Villager (Male) |
| 9:31 | Queue | Villager (Male) |
| 10:02 | Build | Barracks |
| 11:22 | Age | Feudal Age |
| 11:31 | Build | Market |
| 11:33 | Build | Blacksmith |
| 12:18 | Research | Castle Age |
| 12:18 | Research | Castle Age |
| 12:49 | Build | House |
| 12:53 | Research | Double-Bit Axe |
| 12:55 | Research | Horse Collar |
| 13:05 | Build | Farm |
| 13:07 | Build | Farm |
| 13:10 | Build | Farm |
| 13:53 | Queue | Villager (Male) |
| 13:53 | Queue | Villager (Male) |
| 14:58 | Age | Castle Age |
| 15:02 | Build | Town Center |
| 15:07 | Queue | Villager (Male) |
| 15:12 | Research | Bow Saw |
| 15:13 | Research | Heavy Plow |
| 15:36 | Build | Farm |
| 15:43 | Build | Farm |
| 15:44 | Build | Farm |
| 15:54 | Build | Farm |
| 15:55 | Queue | Villager (Male) |
| 15:56 | Queue | Villager (Male) |
| 16:04 | Queue | Villager (Male) |
| 16:17 | Build | Farm |
| 16:25 | Queue | Villager (Male) |
| 16:28 | Queue | Villager (Male) |
| 16:28 | Queue | Villager (Male) |
| 16:28 | Queue | Villager (Male) |
| 16:33 | Build | Farm |
| 16:35 | Research | Loom |
| 16:39 | Build | Farm |
| 16:45 | Build | Farm |
| 16:51 | Build | Farm |
| 16:53 | Build | Farm |
| 16:56 | Queue | Villager (Male) |
| 17:07 | Build | Farm |
| 17:08 | Build | Farm |
| 17:11 | Build | Farm |
| 17:18 | Queue | Villager (Male) |
| 17:19 | Queue | Villager (Male) |
| 17:39 | Build | Archery Range |
| 17:43 | Queue | Villager (Male) |
| 17:50 | Build | Farm |
| 17:52 | Build | Farm |
| 17:53 | Build | Farm |
| 17:55 | Research | Fletching |
| 17:58 | Research | Wheelbarrow |
| 18:10 | Build | Farm |
| 18:12 | Queue | Villager (Male) |
| 18:20 | Research | Gold Mining |
| 18:25 | Build | House |
| 18:27 | Queue | Villager (Male) |
| 18:36 | Build | Gate |
| 18:41 | Queue | Villager (Male) |
| 18:47 | Research | Loom |
| 18:47 | Research | Town Watch |
| 19:03 | Queue | Villager (Male) |
| 19:21 | Queue | Villager (Male) |
| 19:25 | Build | Farm |
| 19:32 | Build | House |
| 19:34 | Queue | Villager (Male) |
| 19:43 | Queue | Villager (Male) |
| 19:43 | Queue | Villager (Male) |
| 19:44 | Queue | Archer |
| 19:44 | Queue | Archer |
| 19:46 | Build | Mining Camp |
| 19:47 | Research | Fletching |
| 19:53 | Research | Hand Cart |
| 20:15 | Queue | Archer |
| 20:17 | Queue | Villager (Male) |
| 20:17 | Queue | Villager (Male) |
| 20:18 | Queue | Villager (Male) |
| 20:18 | Queue | Villager (Male) |
| 20:35 | Queue | Archer |
| 20:38 | Queue | Villager (Male) |
| 20:40 | Build | Archery Range |
| 20:51 | Queue | Villager (Male) |
| 20:58 | Research | Bodkin Arrow |
| 21:12 | Build | Stone Wall |
| 21:24 | Build | Stone Wall |
| 21:33 | Build | Stone Wall |
| 21:35 | Queue | Villager (Male) |
| 21:36 | Queue | Villager (Male) |
| 21:36 | Queue | Villager (Male) |
| 21:36 | Queue | Villager (Male) |
| 21:42 | Research | Crossbowman (upgrade) |
| 21:46 | Queue | Archer |
| 21:46 | Queue | Archer |
| 21:48 | Queue | Villager (Male) |
| 21:48 | Queue | Villager (Male) |
| 21:49 | Queue | Villager (Male) |
| 21:56 | Build | House |
| 21:59 | Queue | Villager (Male) |
| 22:06 | Build | House |
| 22:07 | Build | House |
| 22:07 | Build | House |
Build order — 天崩地裂
First 150 of 494 actions detected
| 0:02 | Queue | Villager (Male) |
| 0:02 | Queue | Villager (Male) |
| 0:02 | Queue | Villager (Male) |
| 0:03 | Build | House |
| 0:03 | Queue | Villager (Male) |
| 0:05 | Build | House |
| 1:29 | Queue | Villager (Male) |
| 1:29 | Queue | Villager (Male) |
| 1:48 | Build | Lumber Camp |
| 2:01 | Queue | Villager (Male) |
| 2:15 | Build | House |
| 2:16 | Build | House |
| 2:19 | Queue | Villager (Male) |
| 2:47 | Queue | Villager (Male) |
| 3:04 | Queue | Villager (Male) |
| 3:37 | Queue | Villager (Male) |
| 3:37 | Queue | Villager (Male) |
| 3:59 | Queue | Villager (Male) |
| 3:59 | Queue | Villager (Male) |
| 4:19 | Queue | Villager (Male) |
| 4:26 | Build | Mill |
| 4:45 | Queue | Villager (Male) |
| 4:45 | Queue | Villager (Male) |
| 5:13 | Queue | Villager (Male) |
| 5:14 | Queue | Villager (Male) |
| 5:16 | Queue | Villager (Male) |
| 5:34 | Build | Farm |
| 5:48 | Queue | Villager (Male) |
| 5:48 | Queue | Villager (Male) |
| 6:12 | Queue | Villager (Male) |
| 6:16 | Queue | Villager (Male) |
| 6:19 | Queue | Villager (Male) |
| 6:27 | Build | Mill |
| 6:29 | Queue | Villager (Male) |
| 6:48 | Queue | Villager (Male) |
| 7:11 | Research | Feudal Age |
| 7:23 | Build | Mining Camp |
| 7:47 | Queue | Villager (Male) |
| 7:47 | Queue | Villager (Male) |
| 9:42 | Age | Feudal Age |
| 9:46 | Build | Market |
| 10:05 | Build | Blacksmith |
| 10:34 | Build | Farm |
| 11:01 | Research | Castle Age |
| 11:01 | Research | Castle Age |
| 11:06 | Build | Farm |
| 11:32 | Build | Farm |
| 11:38 | Build | Farm |
| 11:54 | Research | Double-Bit Axe |
| 12:08 | Build | House |
| 12:16 | Queue | Villager (Male) |
| 12:48 | Queue | Villager (Male) |
| 12:50 | Queue | Villager (Male) |
| 12:59 | Queue | Villager (Male) |
| 13:41 | Age | Castle Age |
| 13:43 | Build | Town Center |
| 13:51 | Queue | Villager (Male) |
| 14:14 | Queue | Villager (Male) |
| 14:20 | Build | Town Center |
| 14:36 | Build | House |
| 14:45 | Build | Farm |
| 14:57 | Queue | Villager (Male) |
| 15:06 | Research | Bow Saw |
| 15:06 | Research | Bow Saw |
| 15:25 | Queue | Villager (Male) |
| 15:34 | Build | Farm |
| 15:44 | Queue | Villager (Male) |
| 15:44 | Queue | Villager (Male) |
| 15:49 | Queue | Villager (Male) |
| 15:49 | Queue | Villager (Male) |
| 15:56 | Build | Farm |
| 15:59 | Build | Farm |
| 16:07 | Build | Farm |
| 16:15 | Queue | Villager (Male) |
| 16:18 | Build | Farm |
| 16:32 | Build | Farm |
| 16:37 | Build | Farm |
| 16:41 | Build | Farm |
| 16:44 | Build | Lumber Camp |
| 16:45 | Queue | Villager (Male) |
| 16:46 | Queue | Villager (Male) |
| 17:01 | Build | Farm |
| 17:01 | Queue | Villager (Male) |
| 17:04 | Build | Farm |
| 17:10 | Build | Farm |
| 17:12 | Queue | Villager (Male) |
| 17:24 | Queue | Villager (Male) |
| 17:31 | Build | Farm |
| 17:36 | Build | Farm |
| 17:39 | Build | Farm |
| 17:39 | Queue | Villager (Male) |
| 17:45 | Queue | Villager (Male) |
| 17:53 | Queue | Villager (Male) |
| 18:02 | Build | Farm |
| 18:03 | Queue | Villager (Male) |
| 18:05 | Build | Farm |
| 18:06 | Build | House |
| 18:12 | Build | Farm |
| 18:15 | Queue | Villager (Male) |
| 18:19 | Build | Farm |
| 18:25 | Queue | Villager (Male) |
| 18:28 | Queue | Villager (Male) |
| 18:31 | Build | Farm |
| 18:34 | Build | Farm |
| 18:36 | Queue | Villager (Male) |
| 18:43 | Queue | Villager (Male) |
| 18:43 | Queue | Villager (Male) |
| 18:52 | Queue | Villager (Male) |
| 18:59 | Research | Horse Collar |
| 19:00 | Queue | Villager (Male) |
| 19:00 | Queue | Villager (Male) |
| 19:11 | Queue | Villager (Male) |
| 19:11 | Queue | Villager (Male) |
| 19:15 | Build | House |
| 19:23 | Research | Wheelbarrow |
| 19:23 | Research | Wheelbarrow |
| 19:26 | Build | Farm |
| 19:29 | Queue | Villager (Male) |
| 19:30 | Queue | Villager (Male) |
| 19:30 | Queue | Villager (Male) |
| 19:40 | Build | House |
| 19:41 | Build | House |
| 19:45 | Build | Farm |
| 19:45 | Build | Farm |
| 19:47 | Build | Farm |
| 19:48 | Build | Farm |
| 19:49 | Queue | Villager (Male) |
| 19:51 | Research | Heavy Plow |
| 19:52 | Research | Heavy Plow |
| 19:59 | Queue | Villager (Male) |
| 20:07 | Queue | Villager (Male) |
| 20:17 | Build | Town Center |
| 20:17 | Queue | Villager (Male) |
| 20:17 | Queue | Villager (Male) |
| 20:20 | Build | House |
| 20:23 | Queue | Villager (Male) |
| 20:27 | Build | Farm |
| 20:31 | Queue | Villager (Male) |
| 20:39 | Build | Farm |
| 20:42 | Queue | Villager (Male) |
| 20:47 | Build | House |
| 20:48 | Build | House |
| 20:50 | Build | House |
| 20:51 | Queue | Villager (Male) |
| 20:52 | Queue | Villager (Male) |
| 20:54 | Build | Farm |
| 20:54 | Build | Farm |
| 21:00 | Queue | Villager (Male) |
| 21:01 | Queue | Villager (Male) |
| 21:09 | Build | Farm |
Build order — TrCL.ovoin
First 150 of 411 actions detected
| 0:01 | Research | Loom |
| 0:45 | Queue | Villager (Male) |
| 0:46 | Queue | Villager (Male) |
| 1:11 | Queue | Villager (Male) |
| 1:12 | Queue | Villager (Male) |
| 1:37 | Queue | Villager (Male) |
| 1:37 | Queue | Villager (Male) |
| 1:41 | Build | Lumber Camp |
| 1:59 | Queue | Villager (Male) |
| 1:59 | Queue | Villager (Male) |
| 2:25 | Queue | Villager (Male) |
| 2:26 | Queue | Villager (Male) |
| 3:01 | Queue | Villager (Male) |
| 3:02 | Queue | Villager (Male) |
| 3:27 | Queue | Villager (Male) |
| 3:28 | Queue | Villager (Male) |
| 3:48 | Queue | Villager (Male) |
| 3:57 | Build | House |
| 3:58 | Build | House |
| 4:12 | Queue | Villager (Male) |
| 4:23 | Build | Mill |
| 4:34 | Queue | Villager (Male) |
| 4:52 | Build | Palisade Gate |
| 4:54 | Build | Palisade Wall |
| 4:55 | Queue | Villager (Male) |
| 5:13 | Build | Palisade Gate |
| 5:16 | Queue | Villager (Male) |
| 5:21 | Build | Palisade Wall |
| 5:32 | Queue | Villager (Male) |
| 5:34 | Queue | Villager (Male) |
| 6:15 | Build | Lumber Camp |
| 6:34 | Queue | Villager (Male) |
| 6:52 | Queue | Villager (Male) |
| 6:59 | Build | House |
| 7:17 | Build | Mining Camp |
| 7:52 | Queue | Villager (Male) |
| 8:19 | Queue | Villager (Male) |
| 8:38 | Queue | Villager (Male) |
| 8:52 | Build | Farm |
| 8:54 | Queue | Villager (Male) |
| 9:11 | Build | Farm |
| 9:19 | Research | Feudal Age |
| 9:37 | Build | Farm |
| 9:38 | Build | Farm |
| 9:41 | Build | Farm |
| 10:07 | Build | House |
| 10:12 | Queue | Villager (Male) |
| 10:13 | Queue | Villager (Male) |
| 11:44 | Age | Feudal Age |
| 11:47 | Build | Market |
| 11:50 | Build | Blacksmith |
| 12:35 | Research | Castle Age |
| 12:36 | Research | Castle Age |
| 12:38 | Research | Double-Bit Axe |
| 12:39 | Research | Horse Collar |
| 14:16 | Build | House |
| 14:18 | Build | House |
| 14:30 | Queue | Villager (Male) |
| 15:15 | Age | Castle Age |
| 15:17 | Build | Town Center |
| 15:22 | Build | Town Center |
| 15:25 | Build | Monastery |
| 15:28 | Research | Bow Saw |
| 15:29 | Research | Heavy Plow |
| 15:31 | Queue | Villager (Male) |
| 15:55 | Build | Farm |
| 15:58 | Queue | Villager (Male) |
| 16:10 | Queue | Monk |
| 16:20 | Build | Farm |
| 16:25 | Queue | Villager (Male) |
| 16:35 | Queue | Villager (Male) |
| 16:36 | Queue | Villager (Male) |
| 16:41 | Build | Farm |
| 16:43 | Build | Farm |
| 16:43 | Queue | Villager (Male) |
| 16:45 | Queue | Villager (Male) |
| 16:46 | Queue | Villager (Male) |
| 16:47 | Build | Farm |
| 16:50 | Build | Farm |
| 17:08 | Queue | Villager (Male) |
| 17:08 | Queue | Villager (Male) |
| 17:12 | Build | Farm |
| 17:14 | Build | Farm |
| 17:17 | Build | Farm |
| 17:21 | Queue | Villager (Male) |
| 17:21 | Queue | Villager (Male) |
| 17:29 | Build | Farm |
| 17:31 | Build | Farm |
| 17:32 | Build | Farm |
| 17:36 | Queue | Villager (Male) |
| 17:36 | Queue | Villager (Male) |
| 17:42 | Build | Farm |
| 17:45 | Build | Farm |
| 17:46 | Queue | Villager (Male) |
| 17:47 | Queue | Villager (Male) |
| 17:49 | Queue | Monk |
| 17:53 | Build | Farm |
| 17:57 | Queue | Villager (Male) |
| 17:57 | Queue | Villager (Male) |
| 18:06 | Queue | Villager (Male) |
| 18:06 | Queue | Villager (Male) |
| 18:10 | Build | House |
| 18:12 | Build | House |
| 18:14 | Queue | Villager (Male) |
| 18:14 | Queue | Villager (Male) |
| 18:23 | Build | Farm |
| 18:23 | Build | Farm |
| 18:25 | Queue | Villager (Male) |
| 18:29 | Build | Farm |
| 18:33 | Queue | Villager (Male) |
| 18:33 | Queue | Villager (Male) |
| 19:00 | Queue | Villager (Male) |
| 19:00 | Queue | Villager (Male) |
| 19:00 | Queue | Villager (Male) |
| 19:01 | Queue | Villager (Male) |
| 19:02 | Build | Farm |
| 19:05 | Build | House |
| 19:06 | Queue | Villager (Male) |
| 19:13 | Queue | Villager (Male) |
| 19:13 | Queue | Villager (Male) |
| 19:24 | Queue | Villager (Male) |
| 19:24 | Queue | Villager (Male) |
| 19:24 | Queue | Villager (Male) |
| 19:35 | Build | Town Center |
| 19:42 | Queue | Monk |
| 19:45 | Build | House |
| 19:46 | Queue | Villager (Male) |
| 19:47 | Queue | Villager (Male) |
| 19:47 | Queue | Villager (Male) |
| 19:47 | Queue | Villager (Male) |
| 19:47 | Queue | Villager (Male) |
| 19:56 | Build | Farm |
| 20:07 | Queue | Villager (Male) |
| 20:07 | Queue | Villager (Male) |
| 20:09 | Build | Farm |
| 20:11 | Queue | Villager (Male) |
| 20:17 | Build | House |
| 20:20 | Queue | Villager (Male) |
| 20:29 | Build | Farm |
| 20:33 | Build | Farm |
| 20:52 | Build | House |
| 20:52 | Queue | Villager (Male) |
| 20:52 | Queue | Villager (Male) |
| 20:53 | Queue | Villager (Male) |
| 20:55 | Build | Farm |
| 20:58 | Research | Wheelbarrow |
| 20:58 | Research | Wheelbarrow |
| 21:01 | Build | Farm |
| 21:01 | Build | Farm |
| 21:09 | Build | Farm |
Build order — 关老弟是也
First 150 of 427 actions detected
| 0:01 | Queue | Villager (Male) |
| 0:01 | Queue | Villager (Male) |
| 0:02 | Queue | Villager (Male) |
| 0:02 | Build | House |
| 0:04 | Build | House |
| 0:12 | Queue | Villager (Male) |
| 1:26 | Queue | Villager (Male) |
| 1:50 | Build | Lumber Camp |
| 2:02 | Queue | Villager (Male) |
| 2:19 | Queue | Villager (Male) |
| 2:54 | Queue | Villager (Male) |
| 2:54 | Queue | Villager (Male) |
| 3:13 | Queue | Villager (Male) |
| 3:30 | Build | House |
| 3:36 | Queue | Villager (Male) |
| 4:00 | Queue | Villager (Male) |
| 4:00 | Queue | Villager (Male) |
| 4:17 | Build | Mill |
| 4:31 | Queue | Villager (Male) |
| 4:32 | Queue | Villager (Male) |
| 5:21 | Queue | Villager (Male) |
| 5:21 | Queue | Villager (Male) |
| 5:26 | Build | House |
| 5:27 | Build | House |
| 5:42 | Queue | Villager (Male) |
| 5:57 | Queue | Villager (Male) |
| 5:57 | Queue | Villager (Male) |
| 6:00 | Queue | Villager (Male) |
| 6:07 | Build | Farm |
| 6:14 | Build | Farm |
| 6:15 | Queue | Villager (Male) |
| 6:46 | Queue | Villager (Male) |
| 7:04 | Build | Farm |
| 7:12 | Queue | Villager (Male) |
| 7:57 | Build | Mining Camp |
| 8:07 | Research | Feudal Age |
| 8:34 | Queue | Villager (Male) |
| 8:34 | Queue | Villager (Male) |
| 10:13 | Build | Farm |
| 10:32 | Age | Feudal Age |
| 10:56 | Research | Loom |
| 11:03 | Research | Castle Age |
| 11:40 | Research | Double-Bit Axe |
| 11:59 | Research | Horse Collar |
| 11:59 | Research | Horse Collar |
| 11:59 | Research | Horse Collar |
| 11:59 | Research | Horse Collar |
| 12:03 | Build | House |
| 13:05 | Queue | Villager (Male) |
| 13:06 | Queue | Villager (Male) |
| 13:45 | Age | Castle Age |
| 13:52 | Build | Town Center |
| 14:01 | Build | Town Center |
| 14:03 | Queue | Villager (Male) |
| 14:03 | Queue | Villager (Male) |
| 14:31 | Queue | Villager (Male) |
| 14:48 | Build | Farm |
| 14:49 | Queue | Villager (Male) |
| 14:59 | Build | Farm |
| 15:01 | Queue | Villager (Male) |
| 15:02 | Queue | Villager (Male) |
| 15:07 | Build | Farm |
| 15:10 | Build | Farm |
| 15:14 | Build | Farm |
| 15:24 | Queue | Villager (Male) |
| 15:24 | Queue | Villager (Male) |
| 15:33 | Research | Loom |
| 15:45 | Build | Farm |
| 15:47 | Queue | Villager (Male) |
| 15:56 | Build | Farm |
| 16:04 | Queue | Villager (Male) |
| 16:07 | Build | Farm |
| 16:13 | Build | House |
| 16:16 | Queue | Villager (Male) |
| 16:17 | Queue | Villager (Male) |
| 16:23 | Build | Farm |
| 16:26 | Queue | Villager (Male) |
| 16:35 | Build | Farm |
| 16:38 | Queue | Villager (Male) |
| 16:49 | Queue | Villager (Male) |
| 16:49 | Queue | Villager (Male) |
| 16:51 | Build | House |
| 16:56 | Build | Farm |
| 17:01 | Queue | Villager (Male) |
| 17:08 | Queue | Villager (Male) |
| 17:10 | Queue | Villager (Male) |
| 17:16 | Build | Farm |
| 17:19 | Build | House |
| 17:21 | Queue | Villager (Male) |
| 17:27 | Queue | Villager (Male) |
| 17:30 | Build | Farm |
| 17:35 | Build | Farm |
| 17:38 | Queue | Villager (Male) |
| 17:47 | Queue | Villager (Male) |
| 17:50 | Build | Farm |
| 17:52 | Build | House |
| 17:56 | Queue | Villager (Male) |
| 17:58 | Queue | Villager (Male) |
| 18:03 | Build | Farm |
| 18:05 | Queue | Villager (Male) |
| 18:12 | Queue | Villager (Male) |
| 18:15 | Build | Farm |
| 18:22 | Queue | Villager (Male) |
| 18:28 | Build | House |
| 18:32 | Build | Farm |
| 18:32 | Build | Farm |
| 18:35 | Queue | Villager (Male) |
| 18:37 | Queue | Villager (Male) |
| 18:41 | Build | Farm |
| 18:45 | Queue | Villager (Male) |
| 18:57 | Queue | Villager (Male) |
| 18:59 | Queue | Villager (Male) |
| 19:00 | Queue | Villager (Male) |
| 19:06 | Build | House |
| 19:09 | Queue | Villager (Male) |
| 19:21 | Build | Town Center |
| 19:23 | Queue | Villager (Male) |
| 19:25 | Queue | Villager (Male) |
| 19:26 | Queue | Villager (Male) |
| 19:41 | Build | House |
| 19:42 | Build | House |
| 19:43 | Build | House |
| 19:46 | Research | Wheelbarrow |
| 19:47 | Queue | Villager (Male) |
| 19:57 | Research | Heavy Plow |
| 20:00 | Queue | Villager (Male) |
| 20:11 | Research | Bow Saw |
| 20:29 | Queue | Villager (Male) |
| 20:30 | Queue | Villager (Male) |
| 20:31 | Queue | Villager (Male) |
| 20:35 | Build | Farm |
| 20:36 | Build | Farm |
| 20:36 | Build | Farm |
| 20:36 | Build | Farm |
| 20:37 | Build | Farm |
| 20:38 | Build | Farm |
| 20:41 | Queue | Villager (Male) |
| 20:47 | Queue | Villager (Male) |
| 21:01 | Build | Farm |
| 21:02 | Queue | Villager (Male) |
| 21:03 | Queue | Villager (Male) |
| 21:04 | Queue | Villager (Male) |
| 21:06 | Build | Farm |
| 21:08 | Build | Farm |
| 21:11 | Build | House |
| 21:18 | Queue | Villager (Male) |
| 21:18 | Queue | Villager (Male) |
| 21:19 | Queue | Villager (Male) |
| 21:23 | Build | House |
| 21:25 | Build | Farm |
Build order — Peter_Pahn
First 150 of 395 actions detected
| 0:00 | Queue | Villager (Male) |
| 0:01 | Queue | Villager (Male) |
| 0:01 | Queue | Villager (Male) |
| 0:02 | Build | House |
| 0:04 | Build | House |
| 0:07 | Queue | Villager (Male) |
| 1:27 | Queue | Villager (Male) |
| 1:28 | Queue | Villager (Male) |
| 1:52 | Build | Settlement |
| 1:57 | Queue | Villager (Male) |
| 2:14 | Queue | Villager (Male) |
| 2:15 | Queue | Villager (Male) |
| 2:48 | Queue | Villager (Male) |
| 2:49 | Queue | Villager (Male) |
| 3:00 | Queue | Villager (Male) |
| 3:01 | Queue | Villager (Male) |
| 3:34 | Queue | Villager (Male) |
| 3:34 | Queue | Villager (Male) |
| 3:59 | Queue | Villager (Male) |
| 4:23 | Queue | Villager (Male) |
| 4:27 | Build | Settlement |
| 4:48 | Queue | Villager (Male) |
| 4:51 | Queue | Villager (Male) |
| 4:51 | Queue | Villager (Male) |
| 5:28 | Queue | Villager (Male) |
| 5:51 | Queue | Villager (Male) |
| 6:02 | Queue | Villager (Male) |
| 6:25 | Queue | Villager (Male) |
| 7:00 | Queue | Villager (Male) |
| 8:01 | Research | Feudal Age |
| 8:54 | Queue | Villager (Male) |
| 8:54 | Queue | Villager (Male) |
| 9:16 | Build | Outpost |
| 9:30 | Build | Farm |
| 9:33 | Build | Farm |
| 10:11 | Age | Feudal Age |
| 10:16 | Build | Market |
| 10:21 | Build | Blacksmith |
| 11:09 | Research | Castle Age |
| 11:30 | Build | House |
| 11:44 | Research | Double-Bit Axe |
| 12:12 | Research | Horse Collar |
| 12:12 | Research | Horse Collar |
| 12:43 | Queue | Villager (Male) |
| 12:47 | Build | Farm |
| 12:52 | Build | Farm |
| 13:49 | Age | Castle Age |
| 13:51 | Build | Town Center |
| 13:53 | Research | Bow Saw |
| 13:56 | Queue | Villager (Male) |
| 14:04 | Build | Farm |
| 14:09 | Build | Farm |
| 14:17 | Build | House |
| 14:23 | Queue | Villager (Male) |
| 14:37 | Queue | Villager (Male) |
| 14:53 | Build | Farm |
| 15:01 | Research | Heavy Plow |
| 15:01 | Research | Heavy Plow |
| 15:06 | Research | Loom |
| 15:10 | Build | Farm |
| 15:19 | Queue | Villager (Male) |
| 15:24 | Build | Farm |
| 15:32 | Queue | Villager (Male) |
| 15:32 | Queue | Villager (Male) |
| 15:38 | Build | Farm |
| 15:43 | Queue | Villager (Male) |
| 15:43 | Queue | Villager (Male) |
| 15:52 | Build | Farm |
| 16:03 | Queue | Villager (Male) |
| 16:03 | Queue | Villager (Male) |
| 16:08 | Build | Farm |
| 16:11 | Queue | Villager (Male) |
| 16:11 | Queue | Villager (Male) |
| 16:18 | Queue | Villager (Male) |
| 16:18 | Queue | Villager (Male) |
| 16:33 | Queue | Villager (Male) |
| 16:33 | Queue | Villager (Male) |
| 16:44 | Queue | Villager (Male) |
| 16:45 | Queue | Villager (Male) |
| 16:51 | Build | Town Center |
| 16:57 | Queue | Villager (Male) |
| 16:57 | Queue | Villager (Male) |
| 17:01 | Build | Farm |
| 17:03 | Queue | Villager (Male) |
| 17:17 | Build | Farm |
| 17:17 | Queue | Villager (Male) |
| 17:21 | Build | House |
| 17:27 | Queue | Villager (Male) |
| 17:35 | Build | Farm |
| 17:35 | Queue | Villager (Male) |
| 17:42 | Queue | Villager (Male) |
| 17:44 | Build | Farm |
| 17:51 | Queue | Villager (Male) |
| 18:22 | Build | Town Center |
| 18:25 | Queue | Villager (Male) |
| 18:30 | Build | Farm |
| 18:34 | Build | House |
| 18:34 | Queue | Villager (Male) |
| 18:36 | Queue | Villager (Male) |
| 18:36 | Queue | Villager (Male) |
| 18:42 | Build | Farm |
| 18:42 | Queue | Villager (Male) |
| 18:53 | Build | Farm |
| 18:53 | Queue | Villager (Male) |
| 18:56 | Queue | Villager (Male) |
| 19:02 | Build | Farm |
| 19:04 | Queue | Villager (Male) |
| 19:04 | Queue | Villager (Male) |
| 19:09 | Build | Farm |
| 19:12 | Build | House |
| 19:12 | Queue | Villager (Male) |
| 19:27 | Queue | Villager (Male) |
| 19:30 | Queue | Villager (Male) |
| 19:37 | Build | Farm |
| 19:37 | Queue | Villager (Male) |
| 19:43 | Build | Farm |
| 19:48 | Build | House |
| 19:49 | Build | House |
| 19:50 | Queue | Villager (Male) |
| 19:55 | Build | Farm |
| 19:58 | Queue | Villager (Male) |
| 19:58 | Queue | Villager (Male) |
| 20:02 | Build | Farm |
| 20:06 | Queue | Villager (Male) |
| 20:06 | Queue | Villager (Male) |
| 20:09 | Queue | Villager (Male) |
| 20:20 | Queue | Villager (Male) |
| 20:20 | Queue | Villager (Male) |
| 20:26 | Build | Monastery |
| 20:38 | Research | Wheelbarrow |
| 20:38 | Research | Wheelbarrow |
| 20:43 | Queue | Villager (Male) |
| 20:43 | Queue | Villager (Male) |
| 20:54 | Queue | Villager (Male) |
| 20:54 | Queue | Villager (Male) |
| 20:56 | Build | Farm |
| 20:59 | Queue | Monk |
| 21:08 | Queue | Villager (Male) |
| 21:12 | Build | Farm |
| 21:13 | Queue | Villager (Male) |
| 21:13 | Queue | Villager (Male) |
| 21:16 | Build | Farm |
| 21:16 | Queue | Villager (Male) |
| 21:17 | Queue | Villager (Male) |
| 21:19 | Build | Farm |
| 21:23 | Build | Farm |
| 21:34 | Build | Farm |
| 21:35 | Queue | Villager (Male) |
| 21:38 | Research | Gold Mining |
| 21:38 | Research | Gold Mining |
Build order — 让让萌新
First 150 of 236 actions detected
| 0:02 | Queue | Villager (Male) ×4 |
| 0:03 | Research | Loom |
| 0:05 | Build | House |
| 0:06 | Build | House |
| 1:35 | Queue | Villager (Male) |
| 1:53 | Build | Lumber Camp |
| 2:01 | Queue | Villager (Male) |
| 2:06 | Build | House |
| 2:08 | Build | House |
| 2:19 | Queue | Villager (Male) |
| 2:36 | Queue | Villager (Male) |
| 2:49 | Build | House |
| 2:54 | Build | House |
| 3:16 | Research | Loom |
| 3:19 | Queue | Villager (Male) |
| 3:19 | Queue | Villager (Male) |
| 3:34 | Queue | Villager (Male) |
| 3:34 | Queue | Villager (Male) |
| 3:51 | Queue | Villager (Male) |
| 3:51 | Queue | Villager (Male) |
| 4:14 | Queue | Villager (Male) |
| 4:44 | Build | Mill |
| 5:03 | Queue | Villager (Male) |
| 5:04 | Queue | Villager (Male) |
| 5:04 | Queue | Villager (Male) |
| 5:39 | Queue | Villager (Male) |
| 5:39 | Queue | Villager (Male) |
| 5:39 | Queue | Villager (Male) |
| 5:51 | Build | Farm |
| 5:54 | Build | Farm |
| 5:57 | Queue | Villager (Male) |
| 6:49 | Build | Mill |
| 7:14 | Queue | Villager (Male) |
| 7:15 | Queue | Villager (Male) |
| 7:21 | Build | Mining Camp |
| 8:01 | Build | Mining Camp |
| 8:21 | Queue | Villager (Male) |
| 8:47 | Research | Feudal Age |
| 9:46 | Queue | Villager (Male) |
| 9:46 | Queue | Villager (Male) |
| 9:47 | Research | Loom |
| 10:59 | Age | Feudal Age |
| 11:00 | Build | Market |
| 11:04 | Build | Blacksmith |
| 11:43 | Research | Loom |
| 11:54 | Build | House |
| 11:58 | Build | House |
| 12:04 | Research | Castle Age |
| 12:59 | Research | Stone Mining |
| 13:16 | Research | Double-Bit Axe |
| 13:46 | Research | Horse Collar |
| 13:58 | Queue | Villager (Male) |
| 14:54 | Age | Castle Age |
| 14:59 | Build | Castle |
| 15:02 | Queue | Villager (Male) |
| 15:14 | Queue | Villager (Male) |
| 15:36 | Build | Farm |
| 15:38 | Build | Farm |
| 15:38 | Build | Farm |
| 15:39 | Build | Farm |
| 15:43 | Queue | Villager (Male) |
| 15:46 | Build | Farm |
| 15:56 | Build | Mining Camp |
| 16:04 | Build | House |
| 16:17 | Build | Farm |
| 16:21 | Queue | Conquistador |
| 16:36 | Queue | Villager (Male) |
| 16:39 | Build | Farm |
| 16:57 | Queue | Conquistador |
| 17:15 | Build | Farm |
| 17:20 | Queue | Conquistador |
| 17:24 | Queue | Villager (Male) |
| 17:43 | Queue | Conquistador |
| 17:53 | Queue | Villager (Male) |
| 17:54 | Build | Farm |
| 18:16 | Queue | Conquistador |
| 18:26 | Queue | Villager (Male) |
| 18:27 | Build | Farm |
| 18:44 | Queue | Conquistador |
| 18:50 | Build | Farm |
| 18:51 | Build | Farm |
| 18:53 | Build | Farm |
| 18:54 | Build | Farm |
| 19:08 | Queue | Conquistador |
| 19:30 | Queue | Villager (Male) |
| 19:36 | Queue | Conquistador |
| 19:54 | Build | Castle |
| 19:57 | Queue | Villager (Male) |
| 20:00 | Queue | Conquistador |
| 20:13 | Queue | Petard |
| 20:24 | Queue | Villager (Male) |
| 20:27 | Build | Farm |
| 20:30 | Build | Farm |
| 20:37 | Build | Barracks |
| 20:39 | Queue | Villager (Male) |
| 20:42 | Queue | Conquistador |
| 20:53 | Build | House |
| 20:54 | Build | House |
| 21:00 | Queue | Petard |
| 21:12 | Queue | Conquistador |
| 21:16 | Queue | Villager (Male) |
| 21:19 | Build | Farm |
| 21:33 | Queue | Villager (Male) |
| 21:36 | Build | Farm |
| 21:42 | Queue | Conquistador |
| 22:01 | Queue | Villager (Male) |
| 22:04 | Research | Padded Archer Armor |
| 22:07 | Queue | Conquistador |
| 22:13 | Build | Farm |
| 22:17 | Queue | Villager (Male) |
| 22:40 | Queue | Conquistador |
| 22:41 | Queue | Villager (Male) |
| 22:46 | Queue | Villager (Male) |
| 23:00 | Queue | Conquistador |
| 23:11 | Build | Stable |
| 23:15 | Queue | Villager (Male) |
| 23:22 | Queue | Conquistador |
| 23:24 | Queue | Conquistador |
| 23:39 | Queue | Conquistador |
| 23:45 | Queue | Conquistador |
| 23:57 | Queue | Conquistador |
| 24:09 | Queue | Conquistador |
| 24:10 | Queue | Villager (Male) |
| 24:29 | Build | Farm |
| 24:33 | Build | Farm |
| 24:34 | Build | Farm |
| 24:40 | Build | Farm |
| 24:41 | Queue | Villager (Male) |
| 24:43 | Queue | Conquistador |
| 25:03 | Queue | Conquistador |
| 25:05 | Research | Leather Archer Armor |
| 25:18 | Queue | Conquistador |
| 25:39 | Research | Bloodlines |
| 25:44 | Queue | Conquistador |
| 25:57 | Queue | Conquistador |
| 26:13 | Queue | Conquistador |
| 26:13 | Queue | Conquistador |
| 26:19 | Queue | Villager (Male) |
| 26:19 | Queue | Villager (Male) |
| 26:33 | Build | Town Center |
| 26:35 | Queue | Conquistador |
| 26:39 | Queue | Conquistador |
| 27:11 | Queue | Conquistador |
| 27:11 | Queue | Conquistador |
| 27:26 | Queue | Villager (Male) |
| 27:26 | Queue | Villager (Male) |
| 27:36 | Queue | Villager (Male) |
| 27:39 | Queue | Conquistador |
| 27:39 | Queue | Conquistador |
| 27:43 | Queue | Conquistador |
Build order — OIDA | onkyox
First 150 of 435 actions detected
| 0:01 | Queue | Villager (Male) |
| 0:02 | Queue | Villager (Male) |
| 0:02 | Build | House |
| 0:05 | Build | House |
| 0:33 | Queue | Villager (Male) |
| 0:33 | Queue | Villager (Male) |
| 0:34 | Queue | Villager (Male) |
| 1:31 | Queue | Villager (Male) |
| 1:31 | Queue | Villager (Male) |
| 1:44 | Build | Lumber Camp |
| 2:03 | Queue | Villager (Male) |
| 2:03 | Queue | Villager (Male) |
| 2:18 | Queue | Villager (Male) |
| 2:39 | Queue | Villager (Male) |
| 2:39 | Queue | Villager (Male) |
| 3:06 | Queue | Villager (Male) |
| 3:25 | Build | House |
| 3:26 | Build | House |
| 3:27 | Build | House |
| 3:39 | Queue | Villager (Male) |
| 3:52 | Queue | Villager (Male) |
| 4:19 | Queue | Villager (Male) |
| 4:19 | Queue | Villager (Male) |
| 4:46 | Build | Mill |
| 4:52 | Build | Mill |
| 4:58 | Queue | Villager (Male) |
| 4:58 | Queue | Villager (Male) |
| 5:21 | Queue | Villager (Male) |
| 5:22 | Queue | Villager (Male) |
| 5:55 | Queue | Villager (Male) |
| 5:56 | Queue | Villager (Male) |
| 6:09 | Queue | Villager (Male) |
| 6:13 | Queue | Villager (Male) |
| 6:51 | Build | Mining Camp |
| 7:01 | Queue | Villager (Male) |
| 7:10 | Queue | Villager (Male) |
| 7:26 | Build | Farm |
| 7:27 | Build | Farm |
| 7:51 | Queue | Villager (Male) |
| 8:29 | Research | Feudal Age |
| 9:03 | Queue | Villager (Male) |
| 9:26 | Queue | Villager (Male) |
| 10:39 | Age | Feudal Age |
| 10:43 | Build | Market |
| 10:47 | Build | Blacksmith |
| 10:52 | Build | Farm |
| 11:41 | Research | Castle Age |
| 11:42 | Research | Castle Age |
| 12:17 | Build | House |
| 12:36 | Research | Double-Bit Axe |
| 12:53 | Research | Horse Collar |
| 14:05 | Queue | Villager (Male) |
| 14:21 | Age | Castle Age |
| 14:24 | Build | Town Center |
| 14:29 | Build | Town Center |
| 14:32 | Research | Bow Saw |
| 14:35 | Research | Heavy Plow |
| 14:46 | Queue | Villager (Male) |
| 14:46 | Queue | Villager (Male) |
| 14:51 | Build | Farm |
| 14:58 | Build | Farm |
| 15:01 | Build | Farm |
| 15:04 | Build | Farm |
| 15:17 | Build | Farm |
| 15:18 | Queue | Villager (Male) |
| 15:39 | Build | Farm |
| 15:44 | Build | Farm |
| 15:47 | Queue | Villager (Male) |
| 15:56 | Build | Farm |
| 16:02 | Research | Wheelbarrow |
| 16:02 | Research | Wheelbarrow |
| 16:08 | Queue | Villager (Male) |
| 16:09 | Queue | Villager (Male) |
| 16:16 | Build | Farm |
| 16:18 | Queue | Villager (Male) |
| 16:22 | Build | Farm |
| 16:23 | Queue | Villager (Male) |
| 16:23 | Queue | Villager (Male) |
| 16:32 | Build | Farm |
| 16:48 | Build | Farm |
| 16:49 | Queue | Villager (Male) |
| 16:55 | Build | Farm |
| 16:55 | Queue | Villager (Male) |
| 16:56 | Queue | Villager (Male) |
| 17:02 | Build | House |
| 17:10 | Queue | Villager (Male) |
| 17:10 | Queue | Villager (Male) |
| 17:13 | Research | Loom |
| 17:19 | Build | House |
| 17:20 | Build | House |
| 17:32 | Build | Farm |
| 17:35 | Build | Farm |
| 17:36 | Research | Wheelbarrow |
| 17:36 | Research | Wheelbarrow |
| 17:48 | Build | House |
| 17:49 | Build | House |
| 17:53 | Queue | Villager (Male) |
| 17:58 | Build | Farm |
| 18:02 | Queue | Villager (Male) |
| 18:02 | Queue | Villager (Male) |
| 18:09 | Queue | Villager (Male) |
| 18:10 | Queue | Villager (Male) |
| 18:14 | Build | House |
| 18:18 | Queue | Villager (Male) |
| 18:18 | Queue | Villager (Male) |
| 18:25 | Queue | Villager (Male) |
| 18:26 | Queue | Villager (Male) |
| 18:38 | Queue | Villager (Male) |
| 18:38 | Queue | Villager (Male) |
| 18:40 | Queue | Villager (Male) |
| 18:40 | Queue | Villager (Male) |
| 18:47 | Queue | Villager (Male) |
| 18:54 | Queue | Villager (Male) |
| 18:54 | Queue | Villager (Male) |
| 18:59 | Build | House |
| 19:00 | Build | House |
| 19:03 | Queue | Villager (Male) |
| 19:04 | Queue | Villager (Male) |
| 19:08 | Build | Town Center |
| 19:10 | Queue | Villager (Male) |
| 19:10 | Queue | Villager (Male) |
| 19:20 | Build | House |
| 19:22 | Build | House |
| 19:22 | Build | House |
| 19:24 | Queue | Villager (Male) |
| 19:24 | Queue | Villager (Male) |
| 19:24 | Queue | Villager (Male) |
| 19:40 | Build | Farm |
| 19:44 | Build | Farm |
| 19:45 | Queue | Villager (Male) |
| 19:45 | Queue | Villager (Male) |
| 19:46 | Queue | Villager (Male) |
| 20:00 | Build | Farm |
| 20:17 | Research | Hand Cart |
| 20:17 | Research | Hand Cart |
| 20:24 | Build | Farm |
| 20:26 | Build | Farm |
| 20:28 | Queue | Villager (Male) |
| 20:28 | Queue | Villager (Male) |
| 20:31 | Build | Farm |
| 20:34 | Build | Farm |
| 20:34 | Queue | Villager (Male) |
| 20:35 | Queue | Villager (Male) |
| 20:35 | Queue | Villager (Male) |
| 20:39 | Build | Farm |
| 20:45 | Queue | Villager (Male) |
| 20:46 | Queue | Villager (Male) |
| 20:49 | Build | House |
| 20:51 | Build | House |
| 20:52 | Build | House |
Match timeline
| 4:54 | TrCL.ovoin · wall_segment Palisade Wall x1 |
| 5:21 | TrCL.ovoin · wall_segment Palisade Wall x1 |
| 9:42 | 天崩地裂 · age_up feudal |
| 10:02 | OIDA | Kloerb · first_building Barracks |
| 10:11 | Peter_Pahn · age_up feudal |
| 10:31 | 虎蹲压制大脑喷气代替思考敌人不倒我倒 · age_up feudal |
| 10:32 | 关老弟是也 · age_up feudal |
| 10:39 | OIDA | onkyox · age_up feudal |
| 10:59 | 让让萌新 · age_up feudal |
| 11:08 | Peter_Pahn · first_market_buy 100 food |
| 11:08 | Peter_Pahn · first_market_sell 100 wood |
| 11:22 | OIDA | Kloerb · age_up feudal |
| 11:44 | TrCL.ovoin · age_up feudal |
| 13:41 | 天崩地裂 · age_up castle |
| 13:45 | 关老弟是也 · age_up castle |
| 13:49 | Peter_Pahn · age_up castle |
| 13:55 | TrCL.ovoin · first_market_buy 100 food |
| 14:17 | 虎蹲压制大脑喷气代替思考敌人不倒我倒 · age_up castle |
| 14:21 | OIDA | onkyox · age_up castle |
| 14:54 | 让让萌新 · age_up castle |
| 14:58 | OIDA | Kloerb · age_up castle |
| 14:59 | 让让萌新 · first_building Castle |
| 15:15 | TrCL.ovoin · age_up castle |
| 15:22 | OIDA | onkyox · first_market_buy 100 food |
| 15:25 | TrCL.ovoin · first_building Monastery |
| 17:39 | OIDA | Kloerb · first_building Archery Range |
| 18:56 | 天崩地裂 · first_market_buy 100 food |
| 20:09 | 虎蹲压制大脑喷气代替思考敌人不倒我倒 · first_building Monastery |
| 20:26 | Peter_Pahn · first_building Monastery |
| 20:37 | 让让萌新 · first_building Barracks |
| 21:12 | OIDA | Kloerb · wall_segment Stone Wall x4 |
| 21:24 | OIDA | Kloerb · wall_segment Stone Wall x5 |
| 21:33 | OIDA | Kloerb · wall_segment Stone Wall x2 |
| 21:56 | OIDA | onkyox · wall_segment Stone Wall x1 |
| 22:13 | 天崩地裂 · first_building Monastery |
| 22:43 | OIDA | onkyox · first_building Monastery |
| 23:11 | 让让萌新 · first_building Stable |
| 23:34 | 关老弟是也 · first_building Castle |
| 23:47 | TrCL.ovoin · first_building Siege Workshop |
| 23:59 | 虎蹲压制大脑喷气代替思考敌人不倒我倒 · first_building Castle |
| 24:06 | Peter_Pahn · first_building Barracks |
| 24:16 | 关老弟是也 · first_building Barracks |
| 24:21 | OIDA | onkyox · first_market_sell 100 food |
| 24:25 | OIDA | Kloerb · wall_segment Stone Wall x1 |
| 24:59 | TrCL.ovoin · first_building Castle |
| 25:00 | 虎蹲压制大脑喷气代替思考敌人不倒我倒 · first_building Barracks |
| 25:14 | 关老弟是也 · first_building Stable |
| 25:15 | 天崩地裂 · first_market_sell 100 food |
| 25:50 | 虎蹲压制大脑喷气代替思考敌人不倒我倒 · first_building Archery Range |
| 25:59 | OIDA | Kloerb · first_building Castle |
| 26:13 | 虎蹲压制大脑喷气代替思考敌人不倒我倒 · first_building Stable |
| 26:30 | TrCL.ovoin · first_building Barracks |
| 26:35 | 天崩地裂 · first_building Barracks |
| 26:35 | Peter_Pahn · first_building Archery Range |
| 26:38 | OIDA | Kloerb · first_market_sell 100 food |
| 26:46 | OIDA | onkyox · first_building Barracks |
| 26:55 | OIDA | onkyox · first_building Castle |
| 27:00 | Peter_Pahn · first_building Castle |
| 27:02 | TrCL.ovoin · wall_segment Stone Wall x1 |
| 27:21 | 天崩地裂 · first_building Stable |
| 27:23 | 关老弟是也 · age_up imperial |
| 27:24 | OIDA | onkyox · first_building Stable |
| 27:24 | Peter_Pahn · first_building Siege Workshop |
| 27:52 | 虎蹲压制大脑喷气代替思考敌人不倒我倒 · age_up imperial |
| 27:52 | OIDA | onkyox · age_up imperial |
| 27:58 | 关老弟是也 · first_building Monastery |
| 28:03 | 虎蹲压制大脑喷气代替思考敌人不倒我倒 · first_market_buy 100 wood |
| 28:06 | Peter_Pahn · age_up imperial |
| 28:25 | 虎蹲压制大脑喷气代替思考敌人不倒我倒 · first_market_sell 100 food |
| 28:28 | TrCL.ovoin · first_building Archery Range |
| 28:39 | 天崩地裂 · age_up imperial |
| 29:21 | 虎蹲压制大脑喷气代替思考敌人不倒我倒 · first_building Siege Workshop |
| 29:37 | TrCL.ovoin · age_up imperial |
| 30:31 | TrCL.ovoin · first_market_sell 100 wood |
| 30:43 | 关老弟是也 · first_market_sell 100 stone |
| 31:16 | OIDA | Kloerb · age_up imperial |
| 33:35 | OIDA | onkyox · first_building Archery Range |
| 33:36 | 天崩地裂 · first_building Castle |
| 33:42 | OIDA | Kloerb · first_market_buy 100 stone |
| 33:52 | 关老弟是也 · first_building Siege Workshop |
| 35:46 | 关老弟是也 · tribute_sent a jugador 1 |
| 35:46 | 关老弟是也 · tribute_sent a jugador 2 |
| 35:46 | 关老弟是也 · tribute_sent a jugador 3 |
| 35:46 | 关老弟是也 · tribute_sent a jugador 4 |
| 35:46 | 关老弟是也 · tribute_sent a jugador 6 |
| 35:46 | 关老弟是也 · tribute_sent a jugador 7 |
| 35:46 | 关老弟是也 · tribute_sent a jugador 8 |
| 35:50 | 天崩地裂 · tribute_sent a jugador 1 |
| 35:50 | 天崩地裂 · tribute_sent a jugador 2 |
| 35:50 | 天崩地裂 · tribute_sent a jugador 4 |
| 35:50 | 天崩地裂 · tribute_sent a jugador 5 |
| 35:50 | 天崩地裂 · tribute_sent a jugador 6 |
| 35:50 | 天崩地裂 · tribute_sent a jugador 7 |
| 35:50 | 天崩地裂 · tribute_sent a jugador 8 |
| 35:51 | TrCL.ovoin · resign |
[ AI ANALYSIS · 1 CREDIT ]
What really happened in this match?
Wolo.gg analyzes every decision: build order, eco, micro, common mistakes by bracket. Personalized analysis on WhatsApp or Discord in 30 seconds.
Civ guide
Tatars
Perfil
Jugador #1369705